Map: Ephemeron LE

Players

Serral - Winner!

  • Race: Zerg Zerg
  • Spawn Location: 5:00

Neeblet (Neeb)

  • Race: Protoss Protoss
  • Spawn Location: 11:00

Event: NationWars 2019

VOD

Have the link to the VOD?

Description

Time

  • Played on: Nov. 30, 2019, 3 p.m.
  • Length: 22:52

All games in this series

Show
View Real Time Build Order
Export as new Build Order

Serral Zerg - Winner!

Build Orders: Hatch First, Brood Lord Corruptor 

Get SALT Encoding   

  12  0:00  Drone  
  13  0:12  Overlord  
  13  0:17  Drone  
  14  0:30  Drone x2  
  16  0:48  Hatchery  
  15  0:54  Drone  
  15  0:55  Drone  
  17  0:58  Drone  
  18  1:09  Extractor  
  17  1:14  Spawning Pool  
  17  1:17  Drone  
  17  1:20  Drone  
  18  1:29  Drone  
  19  1:39  Drone  
  20  1:50  Overlord  
  20  2:01  Queen x2  
  22  2:02  Zergling x4  
  26  2:12  Drone x2  
  26  2:13  Metabolic Boost  
  28  2:22  Drone x2  
  30  2:37  Hatchery  
  30  2:39  Drone  
  30  2:45  Queen  
  30  2:50  Overlord  
  32  2:53  Drone  
  32  2:56  Drone  
  32  2:58  Drone  
  34  3:00  Drone  
  35  3:10  Drone  
  35  3:11  Drone x3  
  39  3:12  Overlord  
  39  3:15  Drone  
  39  3:18  Drone  
  41  3:23  Queen  
  41  3:27  Overlord  
  43  3:33  Zergling x2  
  44  3:37  Pneumatized Carapace  
  44  3:38  Overlord  
  44  3:48  Drone x3  
  44  3:49  Drone x2  
  44  3:50  Drone  
  44  3:51  Queen  
  52  3:55  Spore Crawler  
  52  3:58  Zergling x2  
  52  3:59  Zergling x2  
  52  4:00  Drone  
  54  4:03  Spore Crawler  
  54  4:05  Spore Crawler  
  54  4:06  Drone  
  54  4:08  Drone  
  54  4:11  Overlord  
  54  4:13  Drone  
  54  4:15  Drone  
  56  4:18  Drone x2  
  56  4:23  Drone x3  
  61  4:34  Overlord  
  61  4:35  Drone x5  
  66  4:40  Spore Crawler x2  
  66  4:42  Drone x2  
  68  4:46  Lair  
  68  4:47  Roach Warren  
  68  4:49  Extractor x2  
  68  4:51  Overlord  
  65  4:53  Evolution Chamber, Drone  
  65  4:56  Drone x2  
  65  4:57  Drone  
  65  4:58  Drone  
  69  5:02  Queen  
  69  5:04  Queen  
  73  5:07  Spore Crawler  
  73  5:11  Overlord  
  73  5:13  Drone  
  73  5:16  Zergling x4  
  73  5:17  Zergling x4  
  73  5:18  Zergling x2  
  73  5:19  Drone x2  
  80  5:22  Zerg Melee Weapons Level 1  
  80  5:24  Overlord  
  80  5:27  Spore Crawler  
  79  5:28  Drone  
  79  5:29  Drone  
  79  5:32  Extractor, Drone  
  79  5:35  Drone  
  79  5:36  Drone x4  
  79  5:37  Drone  
  79  5:41  Drone  
  86  5:44  Drone  
  86  5:49  Drone  
  88  5:56  Queen x2  
  92  6:00  Drone x3  
  92  6:03  Spore Crawler, Drone x2  
  96  6:05  Hatchery, Extractor  
  96  6:07  Drone x2  
  96  6:08  Extractor, Drone x3  
  97  6:13  Drone  
  97  6:16  Overlord  
  97  6:17  Overlord x2  
  97  6:18  Overlord  
  97  6:22  Extractor  
  97  6:23  Extractor  
  95  6:26  Drone x3, Infestation Pit  
  95  6:27  Baneling Nest  
  95  6:28  Drone  
  97  6:35  Overlord  
  97  6:37  Drone x4  
  97  6:38  Drone x2  
  103  6:43  Drone x2  
  105  6:49  Drone  
  105  6:58  Roach x3  
  105  6:59  Roach x2  
  115  7:05  Hive  
  115  7:06  Spire  
  110  7:09  Roach x2  
  110  7:10  Centrifical Hooks, Drone x6  
  119  7:16  Drone  
  119  7:17  Hatchery  
  119  7:21  Evolution Chamber, Drone x2  
  119  7:22  Drone  
  121  7:29  Overseer  
  121  7:32  Hatchery  
  121  7:33  Roach x3  
  121  7:34  Spore Crawler  
  121  7:36  Glial Reconstitution  
  125  7:38  Zerg Melee Weapons Level 2  
  125  7:43  Overlord  
  125  7:49  Roach x2  
  125  7:50  Roach x2  
  133  7:53  Drone x2  
  133  7:55  Overlord  
  133  7:57  Overlord x2  
  132  7:58  Zerg Missile Weapons Level 1  
  132  7:59  Zergling x4  
  132  8:04  Zergling x2  
  132  8:05  Zergling x8  
  139  8:11  Baneling x4  
  139  8:14  Zergling x16  
  139  8:19  Greater Spire  
  147  8:21  Adrenal Glands  
  147  8:24  Ravager  
  147  8:25  Ravager x4  
  152  8:27  Zergling x8  
  152  8:28  Zergling x2  
  152  8:33  Baneling x10  
  157  8:38  Overlord  
  157  8:40  Overseer  
  157  8:42  Zergling x12  
  157  8:46  Baneling  
  157  8:47  Baneling x10  
  163  8:53  Overlord  
  162  8:56  Zergling x16  
  169  9:05  Zergling x22  
  169  9:09  Corruptor  
  174  9:10  Corruptor  
  174  9:15  Corruptor x2  
  181  9:20  Corruptor  
  181  9:21  Corruptor  
  181  9:23  Overlord  
  179  9:24  Overlord  
  179  9:34  Zerg Flyer Weapons Level 1, Overlord x2  
  179  9:41  Corruptor  
  179  9:42  Overlord x2  
  179  9:45  Spore Crawler, Extractor, Drone x3  
  183  9:46  Extractor  
  183  9:48  Corruptor x2  
  183  9:52  Baneling x4  
  185  9:54  Zerg Ground Armor Level 1  
  176  10:14  Overseer  
  176  10:16  Brood Lord x4  
  176  10:18  Brood Lord  
  186  10:26  Spine Crawler x2  
  186  10:27  Brood Lord  
  186  10:28  Spine Crawler x2  
  183  10:29  Brood Lord  
  183  10:33  Zergling x18  
  192  10:37  Brood Lord  
  192  10:40  Brood Lord  
  179  11:00  Drone x9  
  188  11:04  Zerg Melee Weapons Level 3  
  188  11:05  Zergling x16  
  188  11:11  Pathogen Glands  
  195  11:17  Spine Crawler  
  194  11:21  Baneling x10  
  194  11:22  Baneling x2  
  194  11:24  Hatchery, Overlord  
  193  11:37  Drone  
  193  11:38  Drone x3  
  197  11:43  Infestor  
  197  11:45  Spore Crawler  
  198  11:47  Spore Crawler  
  198  11:48  Spine Crawler  
  198  11:49  Spine Crawler, Infestor x3, Spore Crawler  
  198  11:50  Spore Crawler  
  198  11:52  Overlord  
  196  12:08  Infestor x3  
  195  12:09  Overseer, Overlord  
  199  12:17  Spore Crawler x2  
  199  12:18  Zerg Flyer Armor Level 1  
  199  12:19  Baneling x3, Spire, Spore Crawler  
  199  12:20  Baneling x3  
  195  12:23  Spore Crawler, Burrow  
  195  12:28  Corruptor x2  
  195  12:29  Corruptor  
  198  12:34  Zerg Ground Armor Level 2  
  200  12:40  Overseer  
  199  12:45  Extractor  
  199  12:47  Extractor  
  195  12:52  Corruptor x2  
  188  13:16  Drone x2  
  188  13:18  Infestation Pit  
  188  13:19  Corruptor x6  
  199  13:22  Drone x2  
  199  13:24  Drone  
  199  13:26  Drone x2  
  200  13:31  Zerg Flyer Weapons Level 2  
  200  13:35  Baneling x8  
  198  13:52  Baneling x8  
  193  13:58  Neural Parasite  
  193  14:00  Corruptor x3  
  199  14:05  Spore Crawler  
  199  14:08  Zergling x2  
  199  14:17  Baneling x3  
  198  14:28  Zergling x2  
  198  14:29  Zergling x4  
  198  14:30  Drone x5  
  198  14:44  Drone  
  195  14:47  Overseer  
  195  14:50  Viper  
  200  14:55  Brood Lord  
  200  14:56  Zerg Flyer Armor Level 2  
  200  14:57  Overseer  
  200  15:00  Overseer x3  
  200  15:23  Spore Crawler  
  200  15:24  Spore Crawler  
  200  15:25  Spore Crawler x3  
  200  15:26  Spore Crawler  
  194  15:28  Viper  
  194  15:29  Viper  
  200  16:19  Zerg Missile Weapons Level 2  
  200  16:20  Zerg Ground Armor Level 3  
  200  16:21  Zerg Flyer Weapons Level 3  
  200  16:31  Baneling x6  
  200  16:49  Spore Crawler  
  200  16:51  Spore Crawler x5  
  200  16:52  Spore Crawler x3, Overseer x3  
  191  17:01  Zergling x18  
  197  17:24  Zergling x8  
  189  17:37  Corruptor x5  
  193  17:46  Zergling x2  
  193  17:47  Zergling x10  
  193  17:53  Baneling x3  
  193  17:56  Zergling x16  
  199  18:08  Zergling x2  
  199  18:17  Zerg Flyer Armor Level 3  
  174  18:55  Corruptor x9  
  157  18:56  Corruptor x2  
  157  19:01  Infestor x7  
  157  19:02  Infestor  
  193  19:05  Corruptor  
  199  19:11  Brood Lord x2  
  199  19:20  Baneling  
  199  19:21  Baneling x5  
  199  19:22  Baneling x2  
  199  19:23  Zerg Missile Weapons Level 3  
  191  20:05  Viper x2  
  185  20:18  Viper x3  
  185  20:20  Zergling x12  
  185  20:21  Overlord x3  
  190  20:23  Overseer x2  
  190  20:24  Overlord  
  152  20:50  Corruptor x7  
  152  20:56  Corruptor x5  
  126  21:04  Zergling x26  
  126  21:08  Zergling x2  
  126  21:09  Zergling x8  
  126  21:10  Zergling x22, Corruptor x6  
  159  21:28  Infestor x4  
  159  21:29  Infestor x5  
  159  21:32  Infestor x3  
  173  21:45  Infestor x9  
  173  21:46  Infestor x4  
  148  22:10  Overseer  
  144  22:16  Brood Lord x7  
Show
View Real Time Build Order
Export as new Build Order

Neeblet Protoss 

Build Orders: 1 Gate Expand, Oracle Opening, Phoenix Opening, Carriers, Chargelot Immortal 

Get SALT Encoding   

  12  0:00  Probe  
  13  0:12  Probe  
  14  0:17  Pylon  
  14  0:25  Probe (Chrono Boost)  
  15  0:37  Probe (Chrono Boost)  
  15  0:40  Gateway  
  16  0:45  Probe (Chrono Boost)  
  16  0:49  Assimilator  
  17  0:51  Probe  
  18  1:03  Probe  
  19  1:15  Probe  
  20  1:24  Nexus  
  20  1:33  Cybernetics Core  
  20  1:37  Probe  
  21  1:41  Assimilator  
  21  1:49  Probe  
  21  1:51  Pylon  
  22  2:01  Probe (Chrono Boost)  
  22  2:07  Adept (Chrono Boost)  
  23  2:11  Probe (Chrono Boost)  
  26  2:16  Probe (Chrono Boost)  
  26  2:20  Stargate  
  27  2:29  Probe (Chrono Boost)  
  28  2:30  Adept  
  28  2:36  Probe (Chrono Boost)  
  31  2:38  Warp Gate  
  32  2:45  Probe x2 (Chrono Boost)  
  32  2:50  Probe (Chrono Boost)  
  33  2:52  Probe  
  35  3:01  Gateway  
  35  3:03  Probe  
  35  3:04  Probe  
  35  3:05  Phoenix (Chrono Boost)  
  39  3:15  Probe  
  39  3:16  Probe  
  41  3:20  Pylon  
  41  3:26  Assimilator, Oracle  
  42  3:27  Probe  
  42  3:28  Assimilator  
  42  3:30  Probe (Chrono Boost)  
  46  3:39  Probe (Chrono Boost)  
  47  3:46  Pylon  
  49  3:48  Probe (Chrono Boost)  
  49  3:50  Probe (Chrono Boost)  
  49  3:54  Stargate  
  49  3:55  Probe x2 (Chrono Boost)  
  51  4:04  Phoenix (Chrono Boost)  
  51  4:05  Probe  
  51  4:07  Probe  
  55  4:10  Pylon  
  55  4:17  Probe  
  55  4:19  Probe  
  57  4:26  Phoenix (Chrono Boost)  
  57  4:29  Probe  
  57  4:30  Nexus  
  60  4:36  Probe  
  61  4:42  Phoenix  
  61  4:45  Pylon  
  63  4:46  Phoenix  
  63  4:47  Pylon  
  63  4:48  Probe x2  
  67  4:56  Adept  
  67  4:59  Pylon  
  69  5:01  Probe  
  69  5:03  Probe  
  71  5:07  Phoenix  
  71  5:10  Phoenix  
  71  5:13  Probe  
  76  5:15  Probe  
  76  5:18  Sentry  
  76  5:19  Sentry  
  76  5:20  Shield Battery  
  81  5:24  Pylon  
  81  5:25  Probe  
  82  5:33  Robotics Facility  
  82  5:36  Robotics Facility, Probe  
  82  5:37  Probe  
  84  5:45  Probe  
  84  5:49  Probe, Forge  
  86  5:50  Twilight Council  
  86  5:53  Probe  
  87  5:57  Probe  
  87  5:58  Zealot  
  87  5:59  Zealot  
  87  6:01  Probe  
  93  6:05  Probe  
  94  6:15  Probe  
  94  6:18  Assimilator  
  93  6:19  Assimilator, Probe x2  
  93  6:20  Protoss Ground Weapons Level 1 (Chrono Boost)  
  93  6:24  Charge  
  93  6:25  Immortal x2  
  103  6:35  Gateway  
  103  6:37  Gateway  
  103  6:40  Probe x2  
  105  6:59  Nexus  
  105  7:00  Pylon  
  105  7:04  Immortal (Chrono Boost)  
  105  7:05  Immortal (Chrono Boost)  
  112  7:12  Probe  
  112  7:13  Probe  
  114  7:16  Templar Archives  
  114  7:19  Gateway  
  114  7:20  Gateway  
  114  7:22  Gateway x2  
  114  7:24  Probe x2  
  114  7:25  Pylon  
  114  7:27  Probe  
  117  7:36  Probe x2  
  119  7:37  Photon Cannon  
  119  7:40  Observer (Chrono Boost), Warp Prism (Chrono Boost)  
  122  7:45  Psionic Storm  
  122  7:52  Photon Cannon  
  122  7:53  Shield Battery  
  122  7:54  High Templar x4  
  130  8:03  Assimilator  
  130  8:04  Assimilator  
  130  8:07  Pylon  
  130  8:09  Probe x2  
  130  8:10  Immortal x2  
  130  8:11  Probe  
  141  8:19  Protoss Ground Weapons Level 2 (Chrono Boost)  
  141  8:20  Zealot, High Templar x2  
  141  8:23  Pylon  
  147  8:29  Pylon  
  147  8:31  Photon Cannon  
  147  8:32  Photon Cannon  
  147  8:34  Shield Battery  
  147  8:38  Photon Cannon  
  147  8:42  High Templar  
  147  8:43  Zealot x3, High Templar  
  147  8:44  Gateway  
  147  8:46  Gateway  
  157  8:54  Photon Cannon  
  149  9:04  Immortal  
  145  9:10  Immortal  
  145  9:11  High Templar x3  
  155  9:22  Zealot x5  
  165  9:34  Nexus  
  165  9:38  High Templar  
  167  9:43  High Templar  
  167  9:44  Zealot  
  171  9:48  Pylon  
  171  9:49  Fleet Beacon  
  171  9:50  Archon  
  171  9:52  Stargate  
  171  9:54  Pylon  
  171  9:55  Pylon  
  169  10:03  Stargate  
  167  10:12  Protoss Air Weapons Level 1 (Chrono Boost)  
  151  10:15  Zealot  
  151  10:16  Zealot x9  
  171  10:23  Pylon  
  171  10:26  Pylon  
  171  10:29  Assimilator  
  171  10:41  Zealot x10  
  176  10:52  Tempest x2  
  168  11:07  Tempest x2  
  168  11:08  Protoss Ground Weapons Level 3 (Chrono Boost)  
  168  11:11  Nexus  
  162  11:14  Pylon  
  162  11:15  High Templar x2  
  162  11:17  Dark Shrine  
  166  11:31  Zealot x2, Archon  
  166  11:32  Zealot  
  172  11:34  Shield Battery  
  172  11:35  Tempest, Oracle  
  180  11:43  Warp Prism  
  180  11:44  Warp Prism  
  180  11:46  Pylon  
  182  11:48  Cybernetics Core  
  182  11:50  Oracle, Photon Cannon  
  182  11:52  Photon Cannon  
  182  11:53  Assimilator  
  185  11:54  Protoss Air Weapons Level 2 (Chrono Boost)  
  185  11:57  Photon Cannon  
  185  11:59  Photon Cannon  
  177  12:02  Shield Battery  
  177  12:04  Shield Battery  
  177  12:09  Photon Cannon  
  177  12:17  Void Ray  
  177  12:18  Void Ray  
  185  12:23  Pylon  
  185  12:24  Void Ray  
  185  12:26  Photon Cannon  
  189  12:38  Shadow Stride (Chrono Boost)  
  189  12:44  Protoss Air Armor Level 1 (Chrono Boost)  
  189  12:47  Sentry  
  191  12:56  Dark Templar  
  186  13:02  Probe x2  
  186  13:03  Probe  
  186  13:04  Probe  
  188  13:10  Zealot x7  
  200  13:16  Void Ray x2  
  200  13:17  Void Ray  
  200  13:19  Void Ray  
  184  13:35  Unknown  
  184  13:45  Zealot x3  
  188  13:53  Photon Cannon  
  188  13:55  Dark Templar  
  188  13:56  Dark Templar x3  
  188  13:57  Photon Cannon  
  188  13:58  Photon Cannon  
  188  13:59  Void Ray  
  200  14:03  Archon x2  
  200  14:11  Observer (Chrono Boost)  
  200  14:16  Observer (Chrono Boost)  
  200  14:24  Protoss Shields Level 1 (Chrono Boost)  
  191  14:45  Protoss Air Armor Level 2 (Chrono Boost)  
  190  14:47  Protoss Air Weapons Level 3 (Chrono Boost)  
  190  14:48  Observer  
  190  14:50  Carrier  
  190  14:51  Carrier  
  196  15:05  Photon Cannon  
  196  15:08  Photon Cannon  
  196  15:11  Shield Battery  
  196  15:17  Dark Templar  
  198  15:29  Observer  
  192  15:45  Carrier  
  197  16:18  Protoss Shields Level 2 (Chrono Boost)  
  186  16:40  Carrier  
  186  16:41  Carrier  
  186  16:43  Pylon  
  198  16:50  Robotics Bay  
  198  17:02  Protoss Air Armor Level 3 (Chrono Boost)  
  194  17:24  Nexus, Photon Cannon  
  194  17:29  Assimilator  
  190  17:31  Zealot x7  
  190  17:33  Assimilator  
  196  17:44  Carrier x2  
  190  18:06  Shield Battery x2  
  190  18:07  Shield Battery  
  190  18:10  Shield Battery, Carrier x2  
  190  18:12  Shield Battery  
  198  18:13  Shield Battery  
  198  18:15  Shield Battery  
  198  18:16  Pylon  
  198  18:19  Shield Battery  
  198  18:22  Shield Battery  
  198  18:23  Shield Battery  
  198  18:24  Shield Battery x2  
  198  18:27  Pylon, Shield Battery  
  185  18:44  Protoss Ground Armor Level 1  
  185  18:48  Carrier (Chrono Boost)  
  186  18:55  Carrier (Chrono Boost)  
  156  19:03  High Templar  
  156  19:04  High Templar x9  
  176  19:11  Probe x3 (Chrono Boost)  
  176  19:13  Probe (Chrono Boost)  
  181  19:17  Probe (Chrono Boost)  
  181  19:21  Probe (Chrono Boost)  
  182  19:40  High Templar x2  
  182  19:41  High Templar x7  
  198  19:46  Archon x2  
  198  19:47  Archon x2  
  191  20:05  Dark Templar  
  189  20:17  Dark Templar x2  
  185  20:29  Nexus  
  185  20:31  Pylon  
  185  20:33  Archon  
  104  21:10  High Templar x7  
  104  21:11  High Templar  
  110  21:15  Archon  
  110  21:16  Archon x2  
  110  21:27  Dark Templar  
  94  22:04  Dark Templar x2  
Tags
 
Add a new tag
Caveats
  • Supply blocks, unpowered buildings, or Contaminate may cause inaccurate times.
  • Supply counts are checked every 10 seconds.